 Dungeon Crawl Stone Soup version 0.30-a0-1114-gd936c97349 (webtiles) character file.

Game seed: 1367263807597232738

394 billz999 the Chiller (level 6, -5/32 HPs)
             Began as an Octopode Ice Elementalist on Apr 20, 2023.
             Was a Follower of Sif Muna.
             Killed from afar by a white imp (7 damage)
             ... with a puff of frost
             ... on level 5 of the Dungeon.
             The game lasted 00:06:55 (3429 turns).

billz999 the Chiller (Octopode Ice Elementalist)    Turns: 3429, Time: 00:06:56

Health: -5/32      AC:  1    Str:  8    XL:     6   Next: 81%
Magic:  8/12       EV: 13    Int: 19    God:    Sif Muna [*.....]
Gold:   312        SH:  0    Dex: 12    Spells: 9/13 levels left

rFire   . . .      SeeInvis .    d - +0 dagger
rCold   . . .      Faith    +    (no shield)
rNeg    . . .      Spirit   .    (helmet restricted)
rPois   .          Reflect  .    b - amulet of faith
rElec   .          Rampage  .    (no ring)
rCorr   .                        (no ring)
Will    +....                    (no ring)
Stlth   +++                      (no ring)
HPRegen 0.25/turn                (no ring)
MPRegen 0.13/turn                (no ring)
                                 (no ring)
                                 (no ring)

@: no status effects
A: almost no armour, amphibious, 8 rings, camouflage 1, gelatinous body 1,
(nimble swimmer 1), tentacles, frail 1, strong-willed 1, MP-powered wands
a: Renounce Religion, Channel Magic


You were on level 5 of the Dungeon.
You worshipped Sif Muna.
Sif Muna was aware of your devotion.
You visited 1 branch of the dungeon, and saw 5 of its levels.

You collected 312 gold pieces.

Inventory:

Hand Weapons
 d - a +0 dagger (weapon)
Jewellery
 b - an amulet of faith (around mantle)
 c - an amulet of regeneration
 g - a ring of fire
Wands
 p - a wand of flame (17)
Scrolls
 e - a scroll of acquirement {unknown}
 h - a scroll of noise
 l - 2 scrolls of teleportation
 m - 2 scrolls of silence {unknown}
 q - a scroll of enchant armour {unknown}
Potions
 f - a potion of mutation
 j - a potion of brilliance
 k - a potion of heal wounds {unknown}
 n - a potion of haste
 o - 3 potions of curing {unknown}


   Skills:
 - Level 2.0 Dodging
 - Level 4.3 Stealth
 - Level 0.2 Unarmed Combat
 - Level 4.0 Spellcasting
 + Level 6.4 Ice Magic


You had 9 spell levels left.
You knew the following spells:

 Your Spells              Type           Power      Damage    Failure   Level
a - Freeze                Ice            100%       1d10      1%          1
b - Frozen Ramparts       Ice            56%        1d9       3%          3

Your spell library contained the following spells:

 Spells                   Type           Power      Damage    Failure   Level
 Ozocubu's Armour         Ice            28%        N/A       3%          3
 Sublimation of Blood     Necr           3%         N/A       21%         2
 Wereblood                Tmut           3%         N/A       21%         2
 Summon Ice Beast         Ice/Summ       16%        N/A       36%         4
 Portal Projectile        Hex/Tloc       6%         N/A       38%         3
 Tukima's Dance           Hex            3%         N/A       38%         3
 Vhi's Electric Charge    Tloc/Air       6%         N/A       38%         3
 Anguish                  Hex/Necr       1%         N/A       80%         4
 Arcjolt                  Conj/Air       1%         1d11      98%         5
 Blade Hands              Tmut           1%         N/A       98%         5
 Summon Mana Viper        Hex/Summ       3%         N/A       98%         5
 Enfeeble                 Hex            1%         N/A       100%        7
 Monstrous Menagerie      Summ           1%         N/A       100%        7
 Ozocubu's Refrigeration  Ice            14%        4d10      100%        7
 Summon Hydra             Summ           1%         N/A       100%        7
 Maxwell's Capacitive Co  Air            1%         ∞         100%        8


Dungeon Overview and Level Annotations

Branches:
Dungeon (5/15)
 Temple: D:4-7

Altars:
Fedhas
Hepliaklqana
Sif Muna
Trog
Zin


Innate Abilities, Weirdness & Mutations

You cannot wear most types of armour.
You are amphibious.
You can wear up to eight rings at the same time.
Your skin changes colour to match your surroundings (Stealth+).
Your rubbery body absorbs attacks. (AC +1, EV +1)
((You are camouflaged when in or above water. (Stealth+)))
You have tentacles for arms and can constrict up to eight enemies at once.
You are frail. (-10% HP)
You are strong-willed. (Will+)
You expend magic power (3 MP) to strengthen your wands.


Message History

The phantom completely resists.
The phantom closely misses you.
Unknown command.
It was a potion of mutation.
You feel extremely strange.
You feel your magical essence link to the dungeon's wands.
You feel frail.
You feel strong-willed. The phantom misses you.
Magic courses through your body. The phantom closely misses you.
Casting: Freeze (safe; 1% risk of failure)
Confirm with . or Enter, or press ? or * to list all spells.
Casting: Frozen Ramparts (dangerous; 3% risk of failure)
Press: ? - help, Dir - look around, f - activate The walls around you are covered in ice.
The phantom hits you but does no damage.
The white imp misses you.
Unknown command.
Casting: Frozen Ramparts (dangerous; 3% risk of failure)
Confirm with . or Enter, or press ? or * to list all spells.
Aiming: Freeze (safe; 1% risk of failure)
Press: ? - help, Shift-Dir - straight line, f - white imp
Aim: a white imp You freeze the white imp.
The white imp resists.
The white imp is lightly wounded.
The phantom closely misses you.
The white imp sputters.
The white imp hits you.
* * * LOW HITPOINT WARNING * * *
The white imp freezes you.
* * * LOW HITPOINT WARNING * * *
It was a potion of brilliance.
You feel clever all of a sudden. The phantom misses you.
The white imp misses you.
It was a potion of cancellation.
Your magical effects are unravelling.
You feel magically purged.
The frozen ramparts melt away.
You feel a little less clever now. The phantom hits you.
* * * LOW HITPOINT WARNING * * *
The white imp gestures at you. The puff of frost hits you!
You die...

..# ######...##.##.#
.....#..............#
#......<............#
#..#.#......)).†....#
#####.....#..#.#
#..).....##
#.......#.# #...5W..#
.# ##...@.## #
##...## ##.... #.####
#.# ..# ... ...


You could see a phantom and a white imp.

Vanquished Creatures
  A kobold brigand (D:4)
  A scorpion (D:3)
  A howler monkey (D:4)
  2 hounds
  Ijyb (D:4)
  An orc wizard (D:4)
  6 adders
  A worm (D:2)
  3 dart slugs
  6 orcs
  4 endoplasms
  2 giant cockroaches (D:1)
  5 goblins
  4 hobgoblins
  6 kobolds
  4 quokkas
  A ball python (D:4)
  4 bats
  2 frilled lizards
  7 rats
62 creatures vanquished.

Notes
Turn   | Place    | Note
-------+----------+-------------------------------------------
     0 | D:1      | billz999 the Octopode Ice Elementalist began the quest for
                  | the Orb.
     0 | D:1      | Reached XP level 1. HP: 11/11 MP: 3/3
   270 | D:1      | Reached XP level 2. HP: 11/17 MP: 5/5
   766 | D:2      | Found a shimmering blue altar of Sif Muna.
   795 | D:2      | Became a worshipper of Sif Muna the Loreminder
  1084 | D:2      | Reached XP level 3. HP: 9/21 MP: 3/6
  1742 | D:3      | Learned a level 3 spell: Frozen Ramparts
  1745 | D:3      | Found a blossoming altar of Fedhas.
  1762 | D:3      | Reached XP level 4. HP: 21/27 MP: 1/8
  2014 | D:3      | Found a faded altar of an unknown god.
  2140 | D:3      | Noticed a scorpion
  2151 | D:3      | Killed a scorpion
  2152 | D:3      | Reached XP level 5. HP: 10/31 MP: 2/10
  2153 | D:3      | HP: 1/31 [poisoned by a scorpion]
  2224 | D:3      | Found a bloodstained altar of Trog.
  2410 | D:4      | Reached skill level 5 in Ice Magic
  2461 | D:4      | Found a hazy altar of Hepliaklqana.
  2491 | D:4      | Reached * piety under Sif Muna
  2523 | D:4      | Noticed a kobold brigand
  2536 | D:4      | Killed a kobold brigand
  2537 | D:4      | Reached XP level 6. HP: 17/36 MP: 6/12
  2714 | D:4      | Found a glowing silver altar of Zin.
  2726 | D:4      | Noticed Ijyb
  2731 | D:4      | Killed Ijyb
  2804 | D:4      | Reached skill level 6 in Ice Magic
  3045 | D:4      | Identified the +4 ring mail "Edykouke" {+Inv Dex+4}
  3395 | D:5      | Entered Level 5 of the Dungeon
  3424 | D:5      | Gained mutation: You expend magic power (3 MP) to
                  | strengthen your wands. [potion of mutation]
  3424 | D:5      | Gained mutation: You are frail. (-10% HP) [potion of
                  | mutation]
  3424 | D:5      | Gained mutation: You are strong-willed. (Will+) [potion of
                  | mutation]
  3429 | D:5      | Killed from afar by a white imp

Illustrated notes

Levels and vault maps discovered:
D:1:      lemuel_arrival_rhombus, layout_loops_ring
D:2:      layout_loops_corners, basic_altar
D:3:      layout_rooms, lemuel_crystal_altar, bloody_trog,
          basic_ecumenical_altar, dreamdust_wishing_well
D:4:      layout_basic, nicolae_overflow_crystal_walls,
          nzn_hepliaklqana_mist_gate, uniq_ijyb
D:5:      layout_loops_cross, minmay_temple_entry_trees,
          lightli_church_of_beogh, uniq_edmund, uniq_sigmund

Skill      XL: |  1  2  3  4  5  6 |
---------------+-------------------+-----
Stealth        | 3 4 |  4.3
Spellcasting   | 3 4 |  4.0
Ice Magic      | 5 6 |  6.4
Dodging        | |  2.0
Unarmed Combat | |  0.2

Action                     |  1- 3 |  4- 6 || total
---------------------------+-------+-------++-------
  Melee: Dagger            |    37 |    33 ||    70
         Constrict         |    10 |     8 ||    18
         Unarmed           |     2 |       ||     2
         Tentacles         |     3 |     2 ||     5
         Punch             |       |     1 ||     1
   Cast: Freeze            |    17 |    32 ||    49
         Frozen Ramparts   |     1 |     8 ||     9
  Evoke: Wand              |       |     1 ||     1
    Use: Scroll            |     2 |     2 ||     4
         Potion            |       |     6 ||     6
   Stab: Sleeping          |     9 |    11 ||    20
 Armour: Skin              |     4 |     5 ||     9
  Dodge: Dodged            |    23 |    39 ||    62

Table legend: (Time is in decaauts)
 A = Elapsed time spent in this place.
 B = Non-inter-level travel time spent in this place.
 C = Inter-level travel time spent in this place.
 D = Time resting spent in this place.
 E = Time spent auto-exploring this place.
 F = Levels seen in this place.
 G = Mean time per level.
                   A        B        C        D        E       F      G
               +--------+--------+--------+--------+--------+-----+--------+
         Total |   3427 |   3336 |     91 |    249 |   2634 |   5 |  685.4 |
       Dungeon |   3427 |   3336 |     91 |    249 |   2634 |   5 |  685.4 |
               +--------+--------+--------+--------+--------+-----+--------+

Top non-repeatable levels by time:
     D:4: 1043 daAuts
     D:2: 1003 daAuts
     D:1: 732 daAuts
     D:3: 613 daAuts
     D:5: 33 daAuts
